Description

ROUGH used in his b2gm vid

Build Order

Get SALT Encoding   

  14  0:00  Supply Depot  
  16  0:42  Barracks  Reactor + Marine Production
  16  0:44  Refinery  Send SCV Across Map
  19  1:28  Orbital Command  
  19  1:30  Barracks Tech Reactor  
  19  1:41  Command Center  
  20  1:50  Supply Depot  
  21  2:16  Factory  Tech Lab + Sieg Tank - Swap Off and build reactor / Tech Lab
  22  2:22  Refinery  
  23  2:26  Bunker  Viking>Reactor>Swap Off and Build Reactor
  24  3:10  Starport  
  25  3:50  Barracks  
  25  3:52  Barracks  
  25  3:54  Barracks  
  25  3:56  Barracks  
Spawning Tool Build Advisor. Get it on Overwolf

Go to:

Details

  • Created by: BigFellaGoose
  • Published on: Dec 04, 2024
  • Modified on: Dec 04, 2024
  • Patch: 5.0.11
  • Difficulty: Easy
Show
View Real Time Build Order
Export as new Build Order

Comments (1)

On Aug. 6, 2025, 11:31 a.m., Vizentrax  said:

Why does the time start from 0:00?

Create an account to comment!